 Dungeon Crawl Stone Soup version 0.29-a0-998-g1987434951 (webtiles) character file.

Game seed: 5020174659968550721

56 gelatine the Insei (level 3, -6/28 HPs)
             Began as a Demigod Transmuter on Aug 5, 2022.
             Killed from afar by Ijyb (10 damage)
             ... with a puff of flame
             ... on level 3 of the Dungeon.
             The game lasted 00:04:47 (2176 turns).

gelatine the Insei (Demigod Transmuter)             Turns: 2176, Time: 00:04:48

Health: -6/28      AC:  2    Str: 11    XL:     3   Next: 47%
Magic:  7/9        EV: 12    Int: 19    God:
Gold:   143        SH:  0    Dex: 14    Spells: 3/6 levels left

rFire   . . .      SeeInvis .   m - +2 dagger (drain)
rCold   . . .      Faith    .   (no shield)
rNeg    . . .      Spirit   .   a - +0 robe
rPois   .          Reflect  .   (helmet currently unavailable)
rElec   .          Harm     .   (no cloak)
rCorr   +          Rampage  .   (no gloves)
Will    .....                   (boots currently unavailable)
Stlth   +.........              (no amulet)
HPRegen 0.09/turn               r - ring of resist corrosion
MPRegen 0.11/turn               (no ring)

@: appendages (expiring), wereblooded
A: horns 2, talons 2, high MP 1, forlorn, divine attributes
a: End Transformation


You were on level 3 of the Dungeon.
You had temporarily grown beastly horns and talons.
You visited 1 branch of the dungeon, and saw 3 of its levels.

You collected 143 gold pieces.

Inventory:

Hand Weapons
 m - a +2 dagger of draining (weapon)
Missiles
 c - 3 poisoned darts
 g - 4 boomerangs (quivered)
Armour
 a - a +0 robe (worn)
 e - a +0 hat (melded)
 i - a +0 pair of boots (melded)
Jewellery
 r - a ring of resist corrosion (left hand)
Scrolls
 d - a scroll of silence {unknown}
 f - 3 scrolls of identify {unknown}
 h - a scroll of magic mapping {unknown}
 j - a scroll of blinking {unknown}
 o - 2 scrolls of teleportation {unknown}
Potions
 b - 2 potions of lignification
 k - a potion of haste {unknown}
 l - a potion of curing {unknown}
 n - a potion of invisibility {unknown}
 p - a potion of might {unknown}
 q - 2 potions of attraction {unknown}


   Skills:
 + Level 1.0 Fighting
 + Level 0.1 Throwing
 + Level 2.1 Dodging
 + Level 3.4 Unarmed Combat
 + Level 2.2 Spellcasting
 + Level 2.2 Transmutations


You had 3 spell levels left.
You knew the following spells:

 Your Spells              Type           Power      Damage    Failure   Level
a - Beastly Appendage     Tmut           20%        N/A       7%          1
b - Wereblood             Tmut           10%        N/A       10%         2

Your spell library contained the following spells:

 Spells                   Type           Power      Damage    Failure   Level
 Apportation              Tloc           4%         N/A       17%         1
 Spider Form              Tmut/Pois      6%         N/A       30%         3
 Ice Form                 Ice/Tmut       6%         N/A       71%         4
 Alistair's Intoxication  Tmut/Pois      4%         N/A       96%         5


Dungeon Overview and Level Annotations

Branches:
Dungeon (3/15)

Annotations:
D:3 Ijyb


Innate Abilities, Weirdness & Mutations

You have temporarily grown beastly horns and talons.
You have an increased reservoir of magic. (+10% MP)
You shall have no god before yourself.
Your divine heritage dramatically boosts your attributes as you level up.


Message History

Confirm with . or Enter, or press ? or * to list all spells.
Your blood is infused with primal strength.
The orc shouts!
Ijyb zaps a wand.
The puff of flame hits you!
You closely miss the orc. You claw the orc!
You feel a bit better.
You kill the orc!
Ijyb screams, "Me kill you!" Ijyb hits you with a +0 dagger.
You hit the orc but do no damage. The orc hits you with a +0 club.
Ijyb hits you with a +0 dagger.
You hit the orc. You drain the orc.
The orc is almost dead.
Ijyb hits you with a +0 dagger. The orc hits you with a +0 club.
* * * LOW HITPOINT WARNING * * *
You barely miss the orc. You claw the orc.
You feel a bit better.
You kill the orc!
The orc misses you. Ijyb closely misses you.
You hit the orc. You drain the orc.
You feel a bit better.
You kill the orc!
Ijyb screams, "I no like you!" Ijyb hits you with a +0 dagger.
* * * LOW HITPOINT WARNING * * *
Your Fighting skill increases to level 1!
You hit the orc.
The orc is heavily wounded.
The orc barely misses you. Ijyb hits you with a +0 dagger.
* * * LOW HITPOINT WARNING * * *
You closely miss the orc. Your kick misses the orc.
The orc is heavily wounded.
The orc hits you but does no damage. Ijyb closely misses you.
You hit the orc.
You feel a bit better.
You kill the orc!
Your transformation is almost over.
Ijyb hits you with a +0 dagger.
* * * LOW HITPOINT WARNING * * *
You barely miss Ijyb. Ijyb hits you with a +0 dagger.
* * * LOW HITPOINT WARNING * * *
You closely miss Ijyb. Your headbutt misses Ijyb.
Ijyb zaps a wand.
The puff of flame hits you!
You die...

#.......#
#.....#.#
#........
#.......#
#.......#
#.......#
#.....g)#
#.....)@#
#....####
#.. #


You could see Ijyb.

Vanquished Creatures
  A dart slug (D:2)
  4 orcs (D:3)
  6 endoplasms
  2 giant cockroaches
  5 goblins
  5 hobgoblins
  4 jackals (D:1)
  A quokka (D:2)
  2 ball pythons (D:2)
  3 bats (D:1)
  7 kobolds
  A rat (D:1)
41 creatures vanquished.

Notes
Turn   | Place    | Note
-------+----------+-------------------------------------------
     0 | D:1      | gelatine the Demigod Transmuter began the quest for the
                  | Orb.
     0 | D:1      | Reached XP level 1. HP: 15/15 MP: 5/5
   352 | D:1      | Reached XP level 2. HP: 18/22 MP: 7/7
   355 | D:1      | Learned a level 2 spell: Wereblood
   421 | D:1      | Reached skill level 3 in Unarmed Combat
  1087 | D:2      | Reached XP level 3. HP: 14/27 MP: 6/8
  2164 | D:3      | Noticed Ijyb
  2172 | D:3      | Reached skill level 1 in Fighting
  2176 | D:3      | Killed from afar by Ijyb

Illustrated notes

Levels and vault maps discovered:
D:1:      amcnicky_arrival_flooded_fountain, layout_basic, minmay_tetromino_t4
D:2:      layout_basic, hellmonk_ecumenical_altar_pennies_from_heaven
D:3:      layout_basic, mainiacjoe_overflow_six_doors_small, uniq_ijyb

Skill      XL: |  1  2  3 |
---------------+----------+-----
Spellcasting   | 2 |  2.2
Unarmed Combat | 3 |  3.4
Transmutations | 2 |  2.2
Dodging        | 2 |  2.1
Fighting       | 1 |  1.0
Throwing       | |  0.1

Action                   || total
-------------------------++-------
Melee: Unarmed           ||    78
       Kick              ||    24
       Headbutt          ||    10
       Punch             ||     1
       Dagger            ||    14
Throw: Boomerang         ||     8
 Cast: Beastly Appendage ||    23
       Wereblood         ||     5
Armor: Robe              ||    13
Dodge: Dodged            ||    72

Table legend: (Time is in decaauts)
 A = Elapsed time spent in this place.
 B = Non-inter-level travel time spent in this place.
 C = Inter-level travel time spent in this place.
 D = Time resting spent in this place.
 E = Time spent auto-exploring this place.
 F = Levels seen in this place.
 G = Mean time per level.
                   A        B        C        D        E       F      G
               +--------+--------+--------+--------+--------+-----+--------+
         Total |   2173 |   2173 |      0 |      0 |   1847 |   3 |  724.3 |
       Dungeon |   2173 |   2173 |      0 |      0 |   1847 |   3 |  724.3 |
               +--------+--------+--------+--------+--------+-----+--------+

Top non-repeatable levels by time:
     D:2: 1327 daAuts
     D:1: 835 daAuts
     D:3: 11 daAuts
